AoeStats
← ViChoOP

Arena

509799171Analyzed
3v3 RM · 3d ago on Sep 28, 2026· 76m 28s· 6 players
Game mode
Random Map
Map size
Normal (6 player)
Population
200
Speed
Normal
Resources
Standard
Victory
Conquest
Starting age
Dark Age
Ending age
Imperial Age
RankedLock teamsTeams togetherTeam positionsShared explorationLock speedFull tech treeHidden civsTurbo modeCheats
Victory
Defeat
🇨🇴 Teutons · Colombia
688
+14
🇨🇱 Vikings · Chile
639
+38
🇨🇱 Khmer · Chile
378
+26
🇦🇷 Portuguese · Argentina
660
-48
🇦🇷 Turks · Argentina
610
-20
🇦🇷 Varangians · Argentina
607
-23
MrSpawn143
11:32 Feudal Age
12:09 Horse Collar
16:47 Double-Bit Axe
21:43 Castle Age
21:43 Scale Barding Armor
21:49 Forging
21:45 Padded Archer Armor
31:26 Imperial Age
29:24 Bow Saw
32:50 Ballistics
33:13 Thumb Ring
40:11 Heavy Cavalry Archer
41:19 Parthian Tactics
41:19 Fortified Wall
41:05 Fletching
41:44 Leather Archer Armor
45:11 Masonry
45:31 Bombard Tower
45:45 Bodkin Arrow
46:24 Ring Archer Armor
56:48 Bracer
57:09 Chain Barding Armor
57:25 Iron Casting
66:01 Two-Man Saw
=Kamarachen™=
12:28 Feudal Age
13:05 Horse Collar
17:24 Double-Bit Axe
22:46 Castle Age
21:01 Forging
20:55 Scale Mail Armor
21:11 Gold Mining
23:04 Stone Mining
23:54 Heavy Plow
24:07 Bow Saw
24:38 Stone Shaft Mining
25:12 Wheelbarrow
26:40 Masonry
27:12 Hand Cart
29:35 Iron Casting
29:17 Chain Mail Armor
29:23 Gambesons
29:39 Squires
29:26 Arson
35:09 Imperial Age
33:50 Caravan
36:30 Plate Mail Armor
37:01 Blast Furnace
35:29 Gothikon
36:31 Conscription
36:52 Crop Rotation
37:12 Elite Varangian Guard
43:51 Fortified Wall
43:50 Siege Engineers
47:02 Two-Man Saw
TeodoroBonsai
1:20 Loom
11:36 Feudal Age
15:18 Wheelbarrow
15:57 Horse Collar
16:20 Double-Bit Axe
17:50 Man-at-Arms
26:41 Castle Age
27:44 Gambesons
27:20 Long Swordsman
28:09 Heavy Plow
28:28 Hand Cart
29:50 Gold Mining
29:50 Stone Mining
30:16 Bow Saw
32:30 Forging
32:20 Scale Mail Armor
32:25 Scale Barding Armor
36:14 Stone Shaft Mining
38:12 Chain Mail Armor
38:33 Iron Casting
42:48 Imperial Age
41:54 Fortified Wall
41:35 Guard Tower
43:23 Two-Handed Swordsman
44:26 Champion
49:36 Arson
53:01 Elite Organ Gun
54:24 Conscription
74:00 Arquebus
ViChoOP
11:19 Feudal Age
12:38 Wheelbarrow
14:09 Stone Mining
21:23 Castle Age
19:58 Town Watch
26:32 Town Patrol
27:28 Gold Mining
28:17 Double-Bit Axe
28:17 Horse Collar
29:16 Stone Shaft Mining
30:29 Hand Cart
32:50 Masonry
32:38 Murder Holes
38:48 Gold Shaft Mining
38:08 Heated Shot
38:49 Heavy Plow
40:59 Bow Saw
47:32 Imperial Age
48:24 Double Crossbow
51:03 Chemistry
57:29 Heavy Scorpion
61:56 Conscription
66:39 Architecture
66:16 Siege Engineers
66:33 Ballistics
69:30 Caravan
Jaguar_gaming
4:48 Loom
11:28 Feudal Age
12:47 Wheelbarrow
12:08 Double-Bit Axe
12:06 Horse Collar
13:12 Gold Mining
17:09 Stone Mining
20:59 Castle Age
21:05 Arson
20:41 Man-at-Arms
21:36 Forging
21:26 Scale Mail Armor
27:16 Caravan
27:47 Coinage
29:15 Iron Casting
28:56 Chain Mail Armor
28:31 Fletching
28:42 Padded Archer Armor
30:16 Gambesons
36:43 Imperial Age
34:29 Hand Cart
34:00 Town Watch
34:47 Long Swordsman
35:28 Squires
34:49 Pikeman
35:27 Bodkin Arrow
35:48 Leather Archer Armor
38:25 Blast Furnace
37:56 Plate Mail Armor
38:46 Chemistry
38:30 Conscription
38:27 Elite Teutonic Knight
39:28 Crenellations
38:47 Capped Ram
40:03 Banking
39:43 Guilds
39:57 Ballistics
41:43 Ironclad
41:58 Hoardings
40:54 Sappers
41:58 Ring Archer Armor
41:33 Scale Barding Armor
41:41 Fortified Wall
41:54 Sanctity
41:54 Heresy
42:09 Theocracy
41:35 Devotion
41:51 Block Printing
41:46 Fervor
41:37 Atonement
42:03 Illumination
41:44 Two-Handed Swordsman
43:43 Town Patrol
43:58 Masonry
43:57 Halberdier
43:57 Champion
49:35 Champion
61:09 Crossbowman
61:11 Heavy Mounted Crossbowman
61:13 Elite Skirmisher
68:23 Stone Shaft Mining
68:23 Chain Barding Armor
ExodChronoss
9:03 Feudal Age
7:23 Loom
10:34 Double-Bit Axe
16:41 Padded Archer Armor
18:07 Fletching
20:16 Gold Mining
20:32 Stone Mining
24:03 Castle Age
25:48 Gold Shaft Mining
25:25 Bow Saw
27:57 Crossbowman
28:48 Town Watch
29:28 Leather Archer Armor
35:05 Caravan
35:36 Coinage
40:13 Imperial Age
42:12 Two-Man Saw
42:39 Ballistics
47:29 Ring Archer Armor
46:56 Bodkin Arrow
48:38 Conscription
48:23 Town Patrol
48:06 Horse Collar
49:59 Heavy Plow
51:18 Masonry
51:05 Murder Holes
51:21 Fortified Wall
51:18 Siphons
54:35 Bracer
54:38 Arbalester
54:40 Elite Skirmisher
65:25 Heavy Scorpion
68:54 Banking
70:14 Crop Rotation
Connection lost

Rejoining the realm…

Still unreachable

The connection could not be restored.

Session expired

The server has moved on; the page needs a fresh start.